 Dungeon Sprint DCSS version 0.24-a0-250-g6074511092 (webtiles) character file.

Game seed: 3951463416028071471

2632 Redear the Protected (level 9, -5/139 HPs)
             Began as a Deep Dwarf Fighter on Apr 15, 2019.
             Was the Champion of Makhleb.
             Slain by a snapping turtle (8 damage)
             ... in the Dungeon (Sprint VII: "The Pits").
             The game lasted 00:05:31 (860 turns).

Redear the Protected (Deep Dwarf Fighter)            Turns: 860, Time: 00:05:32

Health: -5/139     AC: 18    Str: 30    XL:     9   Next: 35%
Magic:  1/1        EV: 12    Int: 11    God:    Makhleb [******]
Gold:   0          SH:  0    Dex: 14    Spells: 8/8 levels left

rFire    . . .     SeeInvis .   o - +0 long sword (flame)
rCold    . . .     Gourm    .   (no shield)
rNeg     . . .     Faith    .   f - +3 plate armour
rPois    .         Spirit   .   (no helmet)
rElec    .         Reflect  .   (no cloak)
rCorr    .         Harm     .   (no gloves)
MR       +....     NoTele   +   (no boots)
Stlth    ..........             (no amulet)
HPRegen  0.00/turn              r - +3 ring of strength
MPRegen  0.07/turn              t - +3 ring of intelligence

@: berserking (expiring), non-regenerating, very quick
A: damage resistance, heal wounds, sense surroundings 2, no regeneration
a: Heal Wounds, Minor Destruction, Lesser Servant of Makhleb, Major Destruction,
Greater Servant of Makhleb, Renounce Religion


You were in the Dungeon.
You worshipped Makhleb.
Makhleb was exalted by your worship.
You were not hungry.

You visited 1 branch

Inventory:

Hand Weapons
 a - a +0 long sword
 b - a +2 scimitar of flaming
 e - a +2 dagger
 h - a +2 falchion
 o - a +0 long sword of flaming (weapon)
 p - a +2 dagger of venom
Armour
 c - a +0 shield
 f - a +3 plate armour (worn)
 u - a +0 pair of boots
 v - a +4 scale mail
Jewellery
 r - a +3 ring of strength (left hand)
 t - a +3 ring of intelligence (right hand)
Scrolls
 l - 5 scrolls of amnesia
 m - a scroll of summoning
 B - a scroll of blinking {@r4}
 N - 3 scrolls of remove curse
Potions
 d - a potion of might {Str+5 DMG+1d10 | @q3}
 g - 9 potions of heal wounds
 i - 4 potions of magic
 j - 3 potions of berserk rage
 k - 2 potions of invisibility
 s - a potion of brilliance {Archmagi Int+5 Wiz++}
 H - a potion of haste {@q5}
 Q - 9 potions of curing {@q2}
Comestibles
 z - 7 rations


   Skills:
 + Level 10.0 Fighting
 + Level 10.5 Long Blades
 + Level 11.7 Armour
 + Level 7.2 Dodging
 + Level 11.6 Shields


You had 8 spell levels left.
You didn't know any spells.
Your spell library was empty.

Dungeon Overview and Level Annotations

Branches:
Dungeon (1/1)

Altars:
Ashenzari
Cheibriados
Dithmenos
Elyvilon
Fedhas
Gozag
Hepliaklqana
Kikubaaqudgha
Makhleb
Nemelex Xobeh
Okawaru
Qazlal
Ru
Sif Muna
Trog
Uskayaw
Vehumet
Wu Jian
Xom
Yredelemnul
Zin
The Shining One
Beogh
Jiyva
Lugonu


Innate Abilities, Weirdness & Mutations

You are resistant to damage.
You can heal yourself by infusing magical energy.
You passively map the area around you.
You do not regenerate.


Message History

The tyrant leech is moderately wounded.
The snapping turtle closely misses you.
You slice the tyrant leech!! You burn the tyrant leech.
The tyrant leech is severely wounded.
The tyrant leech bites you!
* * * LOW HITPOINT WARNING * * *
The tyrant leech draws strength from your injuries!
You take 14 damage, and have 21/139 hp.
You hit the tyrant leech. You burn the tyrant leech.
The tyrant leech is severely wounded.
The snapping turtle bites you from afar!!
* * * LOW HITPOINT WARNING * * *
You take 18 damage, and have 3/139 hp.
You miss the tyrant leech.
The tyrant leech is severely wounded.
The tyrant leech bites you but does no damage.
You hit the tyrant leech but do no damage.
The tyrant leech is severely wounded.
The snapping turtle bites you from afar!
You die...

'#####......#..#......#
.#..##........).......#
,
.'..#####'#####''######
** *
##)###.......##''### ###
* * *
.)))##.......##....##..+
,
....##.......##...##...#
,
'#####...<...##..##...#
, *
))..##.......##..#t..# ,
, .)..##.......##.@w..#
, * ,
######.......##.##..#,
,,,, * ,
.#..############# ..+ ,
* .#.###########* ..# ,
** .#.#....#[...#* ,*..#
* , .#'#....#...[# *#..
*, ,, + .#.)....'...)#
#..* * , .#†#....#..))#
, .. , .'.#....#..))# ,
,* , ,


You could see a tyrant leech and a snapping turtle.

Vanquished Creatures
  An unseen horror (D)
  A deep elf mage (D)
  A komodo dragon (D)
  A bog body (D)
  Sigmund (D)
  A fire bat (D)
  A hungry ghost (D)
  Grum (D)
  A warg (D)
  Menkaure (D)
  A floating eye (D)
  A swamp drake (D)
  3 wolves (D)
  A crimson imp (D)
  A quasit (D)
  A gnoll shaman (D)
  A worker ant (D)
  Ijyb (D)
  3 gnolls (D)
  An adder (D)
  An ooze (D)
  A leopard gecko (D)
  A goblin (D)
  A hobgoblin (D)
  3 jackals (D)
  A quokka (D)
  A bat (D)
  2 frilled lizards (D)
  A giant cockroach zombie (D)
36 creatures vanquished.

Notes
Turn   | Place    | Note
-------+----------+-------------------------------------------
     0 | D        | Redear the Deep Dwarf Fighter began the quest for the Orb.
     0 | D        | Reached XP level 1. HP: 20/20 MP: 1/1
     8 | D        | Noticed a worker ant
    21 | D        | Killed a worker ant
    21 | D        | Reached skill level 3 in Fighting
    21 | D        | Reached skill level 3 in Long Blades
    21 | D        | Reached skill level 4 in Armour
    21 | D        | Reached skill level 4 in Shields
    21 | D        | Reached XP level 2. HP: 13/30 MP: 2/2
    51 | D        | Found a glowing golden altar of the Shining One.
    51 | D        | Found a glowing silver altar of Zin.
    51 | D        | Found a basalt altar of Yredelemnul.
    51 | D        | Found a shimmering altar of Xom.
    51 | D        | Found an ornate altar of the Wu Jian Council.
    51 | D        | Found a bloodstained altar of Trog.
    51 | D        | Found a deep blue altar of Sif Muna.
    51 | D        | Found a sacrificial altar of Ru.
    51 | D        | Found a stormy altar of Qazlal.
    51 | D        | Found an iron altar of Okawaru.
    51 | D        | Found a sparkling altar of Nemelex Xobeh.
    51 | D        | Found a burning altar of Makhleb.
    51 | D        | Found a viscous altar of Jiyva.
    51 | D        | Found a hazy altar of Hepliaklqana.
    51 | D        | Found an opulent altar of Gozag.
    51 | D        | Found a blossoming altar of Fedhas.
    51 | D        | Found a white marble altar of Elyvilon.
    51 | D        | Found a shadowy altar of Dithmenos.
    51 | D        | Found a snail-covered altar of Cheibriados.
    52 | D        | Found a radiant altar of Vehumet.
    52 | D        | Found a corrupted altar of Lugonu.
    52 | D        | Found a roughly hewn altar of Beogh.
    53 | D        | Found an ancient bone altar of Kikubaaqudgha.
    53 | D        | Found a hide-covered altar of Uskayaw.
    53 | D        | Found a shattered altar of Ashenzari.
    61 | D        | Became a worshipper of Makhleb the Destroyer
    79 | D        | Reached * piety under Makhleb
    87 | D        | Reached XP level 3. HP: 15/36 MP: 3/3
   111 | D        | Reached ** piety under Makhleb
   111 | D        | Reached skill level 4 in Fighting
   111 | D        | Reached skill level 4 in Long Blades
   111 | D        | Reached skill level 5 in Armour
   111 | D        | Reached skill level 5 in Shields
   113 | D        | HP: 2/37 [gnoll/+0 spear (4)]
   122 | D        | Reached XP level 4. HP: 21/45 MP: 4/4
   125 | D        | Reached *** piety under Makhleb
   125 | D        | HP: 6/67 [gnoll/+0 spear (4)]
   168 | D        | Reached skill level 6 in Armour
   378 | D        | Your magical essence is drained by the effort!
   430 | D        | Noticed Ijyb
   430 | D        | Noticed a deep elf mage
   431 | D        | Noticed a wolf
   447 | D        | Killed a deep elf mage
   447 | D        | Reached **** piety under Makhleb
   447 | D        | Reached skill level 7 in Fighting
   447 | D        | Reached skill level 7 in Long Blades
   447 | D        | Reached skill level 8 in Armour
   447 | D        | Reached skill level 8 in Shields
   447 | D        | Reached XP level 5. HP: 57/57 MP: 4/4
   447 | D        | Reached XP level 6. HP: 66/66 MP: 5/5
   450 | D        | Reached skill level 8 in Long Blades
   450 | D        | Reached skill level 9 in Armour
   450 | D        | Reached skill level 9 in Shields
   450 | D        | Reached XP level 7. HP: 68/72 MP: 6/6
   452 | D        | Killed Ijyb
   454 | D        | Reached ***** piety under Makhleb
   468 | D        | Reached skill level 8 in Fighting
   468 | D        | Reached skill level 1 in Dodging
   470 | D        | Noticed a bog body
   478 | D        | Killed a bog body
   478 | D        | Reached skill level 3 in Dodging
   481 | D        | Noticed a hungry ghost
   481 | D        | Noticed a fire bat
   486 | D        | Reached skill level 10 in Armour
   500 | D        | Reached skill level 9 in Long Blades
   500 | D        | Reached skill level 10 in Shields
   500 | D        | Reached XP level 8. HP: 47/82 MP: 7/7
   503 | D        | Reached skill level 4 in Dodging
   521 | D        | Paralysed by fainting for 11 turns
   556 | D        | Your magical essence is drained by the effort!
   557 | D        | Noticed Menkaure
   557 | D        | Noticed Grum
   569 | D        | Reached ****** piety under Makhleb
   569 | D        | Reached skill level 9 in Fighting
   569 | D        | Reached skill level 5 in Dodging
   582 | D        | HP: 8/85 [Grum/-2 spear (5)]
   584 | D        | Your magical essence is drained by the effort!
   585 | D        | Killed Grum
   587 | D        | Your magical essence is drained by the effort!
   593 | D        | Your magical essence is drained by the effort!
   595 | D        | Killed Menkaure
   728 | D        | Noticed Sigmund
   750 | D        | Killed Sigmund
   750 | D        | Reached skill level 11 in Armour
   750 | D        | Reached skill level 11 in Shields
   754 | D        | Your magical essence is drained by the effort!
   798 | D        | Killed an unseen horror
   798 | D        | Reached skill level 10 in Long Blades
   798 | D        | Reached skill level 6 in Dodging
   798 | D        | Gained mutation: You passively map the area around you.
                  | [Deep Dwarf growth]
   798 | D        | Reached XP level 9. HP: 57/93 MP: 3/3
   814 | D        | Noticed a tyrant leech
   816 | D        | Noticed a komodo dragon
   825 | D        | HP: 6/93 [komodo dragon (16)]
   827 | D        | Your magical essence is drained by the effort!
   828 | D        | Killed a komodo dragon
   828 | D        | Reached skill level 10 in Fighting
   828 | D        | Reached skill level 7 in Dodging
   837 | D        | Your magical essence is drained by the effort!
   858 | D        | HP: 3/139 [snapping turtle (18)]
   860 | D        | Slain by a snapping turtle

Levels and vault maps discovered:
D:        pitsprint [storerooms_1, entrance_room_1, metal_vault_7, armoury_2,
          mini_pit_1, grid_room_1, main_hall_1, silver_pit, the_coven_1,
          the_vestibule_1, steel_vault_3, golden_pit, hallway_of_sentries,
          crystal_vault_2, iron_vault_5, final_vault]

Skill      XL: |  1  2  3  4  5  6  7  8  9 |
---------------+----------------------------+-----
Fighting       | 3 4 7 8 9 10 | 10.0
Long Blades    | 3 4 7 8 9 10 | 10.5
Armour         | 4 5 8 9 10 11 | 11.7
Shields        | 4 5 8 9 10 11 | 11.6
Dodging        | 3 6 7 |  7.2

Action                   |  1- 3 |  4- 6 |  7- 9 || total
-------------------------+-------+-------+-------++-------
Melee: Long sword        |    40 |    28 |   157 ||   225
 Abil: Heal Wounds       |       |     2 |    17 ||    19
  Use: Potion            |     2 |       |     1 ||     3
  Eat: Ration            |       |       |     2 ||     2
Armor: Scale mail        |    31 |    18 |    36 ||    85
       Plate armour      |       |       |    55 ||    55
Dodge: Dodged            |    34 |    16 |    76 ||   126
Block: Shield            |     2 |       |       ||     2
       Rpst.: Long sword |     8 |     3 |    15 ||    26

Table legend:
 A = Non-vault XP
 B = Vault XP
 C = Vault XP percentage of total XP
 D = Non-vault monster count
 E = Vault monster count
 F = Vault count percentage of total count
                 A         B        C        D         E       F
            +---------+---------+-------+---------+---------+-------
      Total |       0 |    3760 | 100.0 |       0 |      36 | 100.0
            +---------+---------+-------+---------+---------+-------
          D |       0 |    3760 | 100.0 |       0 |      36 | 100.0
            +---------+---------+-------+---------+---------+-------
